Match 19899851
Unlisted

Match 19899851
End
Kradschützen Motorcycle Team
250 Light Carrier
Panzerpioneer Squad
Construct Light Support Kompanie
Selects Armored Support Battlegroup
Assault Grenadier Squad
Selects Superior Fire Drills
Assault Grenadier Squad
Fire Support Elements
Veteran Squad Leaders
Vehicle Survival Package
Construct Mechanized Kompanie
Panzerjäger Mechanized Group
Support Armor Elements
StuG III D Assault Gun
Selects Salvage Kits
Selects Panzer Storm
2.5-tonne Medical Truck
Emergency Repair Kits
Panzerjäger Mechanized Group
Marder III Tank Destroyer
Construct Panzerarmee Kommand
Selects Stuka Anti-tank Loiter
Panzer III L Medium Tank
Panzer III L Medium Tank
Panzerpioneer Squad
Selects Flammpanzer III Medium Tank Sd.Kfz. 141
Stuka Anti-tank Loiter
Tungsten Core Ammunition
Assault Grenadier Squad
Panzerjäger Mechanized Group
Selects Command Panzer IV F Medium Tank
Rapid Advance
Panzer III L Medium Tank
MonoChrome
Henkka12345
Lutralutra
Diavolus[JP]
0
0

Comments sign in to comment!

No comments posted yet!